 Dungeon Crawl Stone Soup version 0.29-a0-110-g189f89ecda (webtiles) character file.

Game seed: 15943694981188626187

6 Gargoyl the Skirmisher (level 1, -2/14 HPs)
             Began as a Gargoyle Abyssal Knight on Feb 17, 2022.
             Was an Initiate of Lugonu.
             Frozen to death by an endoplasm (4 damage)
             ... on level 1 of the Dungeon.
             The game lasted 00:00:10 (138 turns).

Gargoyl the Skirmisher (Gargoyle Abyssal Knight)     Turns: 138, Time: 00:00:11

Health: -2/14      AC:  5    Str: 16    XL:     1   Next: 90%
Magic:  2/2        EV: 11    Int: 10    God:    Lugonu [......]
Gold:   5          SH:  0    Dex: 10    Spells: 0/0 levels left

rFire   . . .      SeeInvis .   a - +1 hand axe
rCold   . . .      Faith    .   (no shield)
rNeg    + . .      Spirit   .   b - +0 leather armour
rPois   ∞          Reflect  .   (no helmet)
rElec   +          Harm     .   (no cloak)
rCorr   .          Rampage  .   (no gloves)
Will    .....                   (no boots)
Stlth   +.........              (no amulet)
HPRegen 0.04/turn               (no ring)
MPRegen 0.08/turn               (no ring)

@: weak-willed
A: sickness immunity, AC +2, negative energy resistance 1, electricity
resistance, torment resistance 1, petrification resistance
a: Renounce Religion


You were on level 1 of the Dungeon.
You worshipped Lugonu.
Lugonu was noncommittal.
You visited 1 branch of the dungeon, and saw 1 of its levels.
You visited the Abyss 1 time.

You collected 5 gold pieces.

Inventory:

Hand Weapons
 a - a +1 hand axe (weapon)
Armour
 b - a +0 leather armour (worn)


   Skills:
 + Level 3.4 Fighting
 + Level 2.0 Axes
 + Level 2.2 Armour
 + Level 0.7 Dodging
 + Level 2.1 Invocations


You couldn't memorise any spells.
You didn't know any spells.
Your spell library was empty.

Dungeon Overview and Level Annotations

Branches:
Dungeon (1/15)

Altars:


Innate Abilities, Weirdness & Mutations

You are immune to sickness and miasma.
Your stone body is resilient. (AC +2)
You are immune to poison.
You resist negative energy. (rN+)
You are resistant to electric shocks. (rElec)
You are resistant to unholy torment.
You are immune to petrification.


Message History

You hit the endoplasm. The giant cockroach barely misses you.
A kobold comes into view. It is wielding a +0 club.
The endoplasm freezes you.
You are frozen.
The giant cockroach barely misses you.
Unknown command.
The kobold shouts!
You hit the giant cockroach.
You kill the giant cockroach!
Lugonu accepts your kill.
You hit the endoplasm. The endoplasm barely misses you.
You slash the hobgoblin!
You kill the hobgoblin!
Lugonu accepts your kill.
You hit the endoplasm.
A hobgoblin comes into view.
The endoplasm freezes you.
You are frozen.
Your Axes skill increases to level 2!
The hobgoblin shouts!
The endoplasm barely misses you.
You see here a hobgoblin corpse.
The kobold hits you with a +0 club. The endoplasm freezes you.
You are frozen.
Unknown command.
The kobold hits you but does no damage. The endoplasm freezes you.
You are frozen.
* * * LOW HITPOINT WARNING * * *
You barely miss the endoplasm.
The endoplasm is almost dead.
You hit the kobold. The kobold misses you. The endoplasm freezes you.
You are frozen.
* * * LOW HITPOINT WARNING * * *
The kobold hits you but does no damage.
The endoplasm jiggles.
The endoplasm freezes you.
You are frozen.
You die...

.... ............
............ ####
........... .. ##..
#......... ... #...
#........ ...#.g#
#......### #.##K##
##...##...#
#..#@.####......##...
#[.J†.....#..#..###.
#....#..###.##.........
.......#.###.....#######
.......#.....###.### #
..............##...# ##
.......#####.......####.
....... #.........##.
...$. ##......#....


You could see an endoplasm, a hobgoblin and a kobold.

Vanquished Creatures
  2 giant cockroaches (D:1)
  2 hobgoblins (D:1)
  A rat (D:1)
5 creatures vanquished.

Notes
Turn   | Place    | Note
-------+----------+-------------------------------------------
     0 | Abyss:1  | Gargoyl the Gargoyle Abyssal Knight began the quest for the
                  | Orb.
     0 | Abyss:1  | Reached XP level 1. HP: 14/14 MP: 2/2
     0 | D:1      | Escaped the Abyss
   138 | D:1      | Frozen to death by an endoplasm

Illustrated notes

Levels and vault maps discovered:
D:1:      dpeg_arrival_rooms_a, layout_rooms,
          dilly_ecumenical_altar_fadedgnrine, st_stairs_3,
          minmay_close_crescents

Skill      XL: |  1 |
---------------+----+-----
Axes           | 2 |  2.0
Fighting       | |  3.4
Armour         | |  2.2
Dodging        | |  0.7
Invocations    | |  2.1

Action                   || total
-------------------------++-------
Melee: Hand axe          ||    10
Invok: Depart the Abyss  ||     1
  Use: Scroll            ||     2
Armor: Leather armour    ||     8
Dodge: Dodged            ||     8

Table legend: (Time is in decaauts)
 A = Elapsed time spent in this place.
 B = Non-inter-level travel time spent in this place.
 C = Inter-level travel time spent in this place.
 D = Time resting spent in this place.
 E = Time spent auto-exploring this place.
 F = Levels seen in this place.
 G = Mean time per level.
                   A        B        C        D        E       F      G
               +--------+--------+--------+--------+--------+-----+--------+
         Total |    139 |    139 |      0 |      0 |    101 |   2 |   69.5 |
       Dungeon |    139 |    139 |      0 |      0 |    101 |   1 |  139.0 |
         Abyss |      0 |      0 |      0 |      0 |      0 |   1 |    0.0 |
               +--------+--------+--------+--------+--------+-----+--------+

Top non-repeatable levels by time:
     D:1: 139 daAuts
